AoeStats
← Spaceman Spiff

Arabia

510022993Analyzed
2v2 RM · 3d ago on Sep 29, 2026· 54m 46s· 4 players
Game mode
Random Map
Map size
Medium (4 player)
Population
200
Speed
Normal
Resources
Standard
Victory
Conquest
Starting age
Dark Age
Ending age
Imperial Age
RankedLock teamsTeams togetherTeam positionsShared explorationLock speedFull tech treeHidden civsTurbo modeCheats
Victory
Defeat
🇺🇸 Bengalis · United States
1079
+17
🇺🇸 Byzantines · United States
1030
+19
🇦🇷 Malians · Argentina
1146
-20
🇨🇱 Franks · Chile
1049
-16
smelly the great
10:45 Feudal Age
13:06 Loom
16:24 Castle Age
14:36 Double-Bit Axe
15:04 Horse Collar
23:57 Wheelbarrow
24:04 Heavy Plow
25:17 Fletching
30:39 Imperial Age
29:27 Bodkin Arrow
29:45 Pikeman
30:55 Scale Mail Armor
30:51 Pikeman
32:29 Chain Mail Armor
33:02 Forging
35:05 Bow Saw
35:42 Iron Casting
34:33 Halberdier
35:58 Squires
37:36 Town Watch
38:15 Paiks
38:37 Ballistics
38:19 Bracer
38:52 Gold Mining
38:53 Stone Mining
39:32 Husbandry
39:35 Padded Archer Armor
39:50 Bloodlines
40:57 Blast Furnace
41:46 Leather Archer Armor
43:27 Conscription
42:40 Elite Ratha (Ranged)
46:05 Chemistry
46:44 Gold Shaft Mining
48:08 Two-Man Saw
47:40 Ring Archer Armor
49:12 Fortified Wall
51:15 Arson
52:55 Siege Engineers
Spaceman Spiff
1:51 Loom
11:42 Feudal Age
19:29 Castle Age
17:25 Double-Bit Axe
17:31 Horse Collar
19:09 Stone Mining
19:13 Gold Mining
19:41 Forging
20:01 Scale Mail Armor
19:43 Pikeman
21:30 Squires
22:43 Wheelbarrow
23:19 Scale Barding Armor
24:27 Bow Saw
24:55 Heavy Plow
27:57 Gold Shaft Mining
27:18 Arson
28:31 Husbandry
33:47 Imperial Age
31:38 Hand Cart
33:16 Fletching
34:50 Chain Barding Armor
34:20 Elite Skirmisher
35:12 Thumb Ring
36:12 Iron Casting
35:23 Light Cavalry
38:30 Heavy Camel Rider
40:09 Hussar
41:04 Elite Cataphract
44:35 Block Printing
45:07 Stone Shaft Mining
43:55 Heavy Camel Rider
46:24 Plate Barding Armor
47:40 Bodkin Arrow
47:48 Padded Archer Armor
48:04 Chain Mail Armor
50:06 Conscription
49:58 Logistica
52:14 Gambesons
53:50 Bracer
55:15 Sanctity
Arzzeus
6:55 Loom
7:00 Loom
9:45 Feudal Age
15:02 Castle Age
13:11 Double-Bit Axe
14:25 Stone Mining
20:58 Husbandry
22:47 Pikeman
24:03 Fletching
25:18 Crossbowman
26:43 Bow Saw
28:41 Wheelbarrow
28:53 Ballistics
28:47 Bodkin Arrow
31:31 Hand Cart
35:29 Imperial Age
35:37 Imperial Age
33:47 Ordonnance Companies
37:24 Chemistry
35:53 Cavalier
36:48 Scale Barding Armor
38:00 Chain Barding Armor
38:17 Paladin
46:52 Plate Barding Armor
46:19 Scale Mail Armor
49:17 Chain Mail Armor
49:21 Gold Mining
51:23 Forging
52:07 Plate Mail Armor
51:37 Elite Skirmisher
54:33 Iron Casting
Federati
6:19 Loom
9:00 Feudal Age
9:53 Double-Bit Axe
9:57 Horse Collar
14:54 Wheelbarrow
19:45 Castle Age
18:27 Gold Mining
19:27 Bloodlines
20:07 Scale Barding Armor
20:30 Husbandry
20:58 Bow Saw
26:59 Forging
27:31 Stone Mining
30:56 Iron Casting
30:52 Hand Cart
33:18 Scale Mail Armor
33:39 Chain Barding Armor
33:48 Heavy Plow
35:22 Squires
35:10 Arson
40:15 Imperial Age
38:46 Chain Mail Armor
42:52 Conscription
44:35 Farimba
50:04 Conscription
52:02 Fletching
52:13 Padded Archer Armor
Connection lost

Rejoining the realm…

Still unreachable

The connection could not be restored.

Session expired

The server has moved on; the page needs a fresh start.